 Dungeon Crawl Stone Soup version 0.31-a0-636-ge1c0e020e0 (webtiles) character file.

Game seed: 10911938661827151045

4190 Descartes the Blocker (level 10, -8/66 (70) HPs)
             Began as a Formicid Fighter on Aug 26, 2023.
             Was an Initiate of Gozag.
             Mangled by a very large slime creature (33 damage)
             ... on level 8 of the Dungeon.
             The game lasted 00:13:36 (8383 turns).

Descartes the Blocker (Formicid Fighter)            Turns: 8383, Time: 00:13:37

HP:   -8/66 (70)    AC: 17    Str: 25    XL:     10   Next: 53%
MP:   0/10          EV:  8    Int:  8    God:    Gozag
Gold: 1321          SH:  7    Dex: 16    Spells: 9/9 levels left

rFire   . . .        p - +4 quarterstaff (chaos)
rCold   . . .        c - +0 buckler
rNeg    . . .        A - +0 chain mail
rPois   .            (helmet unavailable)
rElec   .            R - +2 cloak {Will+}
rCorr   .            u - +1 pair of gloves {Dex+3}
SInv    +            (no boots)
Will    ++...        b - amulet of guardian spirit Stlth
                     (no ring)
HPRegen 0.31/turn    (no ring)
MPRegen 0.12/turn

%: guardian spirit
@: drained
A: permanent stasis, dig shafts and tunnels, antennae 3, four strong arms
a: Dig, Shaft Self, Renounce Religion, Potion Petition, Call Merchant, Bribe
Branch


You were on level 8 of the Dungeon.
You worshipped Gozag.
Gozag was most pleased with you.
You visited 2 branches of the dungeon, and saw 9 of its levels.
You also visited: Ossuary.

You collected 1407 gold pieces.
You paid 86 gold pieces to Gozag.

Inventory:

Hand Weapons
 h - the +2 whip of Kindness {freeze, rElec rN++}
   (You found it on level 8 of the Dungeon)

   rElec:     It insulates you from electricity.
   rN++:      It greatly protects you from negative energy.
 p - a +4 quarterstaff of chaos (weapon)
 w - a +5 spectral club
 K - a +4 trident
 L - a +0 battleaxe
 P - a +2 whip of electrocution
 Q - a +0 whip of flaming
Missiles
 j - 6 curare-tipped darts
 x - 42 poisoned darts
 O - a boomerang
Armour
 c - a +0 buckler (worn)
 u - a +1 pair of gloves of dexterity (worn)
 A - a +0 chain mail (worn)
 R - a +2 cloak of willpower (worn)
Jewellery
 b - an amulet of guardian spirit (around neck)
 e - a ring of fire
Wands
 q - a wand of polymorph (4)
 t - a wand of flame (91)
 v - a wand of quicksilver (5)
Scrolls
 a - 3 scrolls of butterflies {unknown}
 f - 2 scrolls of vulnerability
 l - 3 scrolls of noise {unknown}
 m - a scroll of fear
 n - 2 scrolls of fog {unknown}
 o - 2 scrolls of poison
 y - a scroll of enchant weapon {unknown}
 z - a scroll of silence {unknown}
 G - a scroll of revelation {unknown}
 I - a scroll of brand weapon {unknown}
 J - a scroll of amnesia {unknown}
Potions
 d - 2 potions of might
 g - 2 potions of haste {unknown}
 i - 2 potions of mutation {unknown}
 k - a potion of curing
 r - 5 potions of attraction {unknown}
 B - 2 potions of brilliance {unknown}
 C - a potion of degeneration {unknown}
 D - 2 potions of lignification {unknown}
 F - 2 potions of cancellation {unknown}
 H - a potion of enlightenment {unknown}
 M - 2 potions of magic {unknown}
 N - 4 potions of berserk rage {unknown}


   Skills:
 - Level 3.2 Fighting
 + Level 7.8(8.4) Axes
 + Level 4.5(6.7) Maces & Flails
 + Level 8.9 Armour
 + Level 10.5 Shields
 + Level 5.1 Evocations


You had 9 spell levels left.
You didn't know any spells.
Your spell library contained the following spells:

 Spells                   Type           Power      Damage    Failure   Level
 Lesser Beckoning         Tloc           0%         N/A       97%         2
 Momentum Strike          Conj/Tloc      0%         3d8       97%         2
 Gell's Gravitas          Tloc           0%         N/A       99%         3
 Teleport Other           Tloc           0%         N/A       99%         3
 Blink                    Tloc           Unusable   N/A       N/A         2

Dungeon Overview and Level Annotations

Branches:
Dungeon (8/15)             Temple (1/1) D:4         Ossuary (visited)
   Lair: D:8-11

Altars:
Cheibriados
Dithmenos
Elyvilon
Gozag
Hepliaklqana
Makhleb
Okawaru
Qazlal
Ru
Vehumet
Wu Jian
Xom
The Shining One

Shops:
D:8 *


Innate Abilities, Weirdness & Mutations

You cannot be hasted, slowed, berserked, paralysed or teleported.
You can dig through walls and to a lower floor.
You have a pair of large antennae on your head. (SInv)
Your four strong arms can wield two-handed weapons with a shield.


Message History

The jelly quivers.
The endoplasm freezes you.
You are frozen.
There is an open door here.
You see here a +0 short sword.
You see here a +0 short sword.
You hit the endoplasm. You burn the endoplasm.
You kill the endoplasm!
You sock the jelly! You freeze the jelly.
Your hands burn!
The jelly is almost dead.
The jelly barely misses you.
Two slime creatures merge to form a very large slime creature.
You sock the jelly!
You kill the jelly!
You see here 12 gold pieces.
You sock the very large slime creature! You burn the very large slime creature.
The very large slime creature is lightly wounded.
You block the very large slime creature's attack.
You barely miss the very large slime creature.
The very large slime creature is lightly wounded.
The very large slime creature hits you!!!
Ouch! That really hurt!
The very large slime creature barely misses you.
You are too injured to fight recklessly!
You are too injured to fight recklessly!
You are too injured to fight recklessly!
You are too injured to fight recklessly!
You are too injured to fight recklessly!
You are too injured to fight recklessly!
You are too injured to fight recklessly!
You are too injured to fight recklessly!
You are too injured to fight recklessly!
You are too injured to fight recklessly!
You are too injured to fight recklessly!
You see here a +0 short sword.
The very large slime creature attacks as it pursues you!
The very large slime creature hits you!!!
Ouch! That really hurt!
You die...
Your body crumbles into a pile of gold.

......# ##'''##
#.z# .....##
##...## ..# .....#
##.....## #..
.....# #....(..#
##.. .....#
#..)....# ##.$.
....## #.......#
##..## ....#
#.......# ###..##
....## #....####
#....# .....##
#....'.@## ##....#
......##
########J#
###.....# ..##...#
##J$JJ..##
##.......#
..#....# #J#######
###..##....##
.......##J.{..{...
#...####....#
.......##.{...J.J.
#.### #....##
#####..##÷........
### ###.....#
#####.J....JP.
##........
#...÷.....
#..........


You could see a very large slime creature.

Vanquished Creatures
  Pikel (D:7)
  Sigmund (D:4)
  A wraith (Ossuary)
  A steam dragon (D:8)
  Edmund (D:4)
  A water moccasin (D:6)
  A floating eye (shapeshifter) (D:8)
  3 black bears
  An ogre (D:6)
  A centaur (D:7)
  2 phantoms
  4 kobold brigands (D:8)
  Blork the orc (D:6)
  2 bullfrogs
  A gnoll sergeant (D:6)
  2 scorpions
  10 wights
  4 howler monkeys
  An electric eel (D:6)
  2 jellies
  4 orc priests
  2 hounds
  A sleepcap (D:8)
  Crazy Yiuf (D:2)
  Jessica (D:2)
  A gnoll bouda (D:8)
  An iguana (D:6)
  Natasha (thrice) (D:4)
  6 orc wizards
  Ijyb (D:4)
  A mummy (Ossuary)
  Robin (D:2)
  12 gnolls
  8 adders
  A white imp (D:6)
  2 ufetubi
  2 worms (D:3)
  5 dart slugs
  25 orcs
  8 endoplasms
  4 giant cockroaches
  25 goblins
  18 hobgoblins
  15 jackals
  6 ball pythons
  9 bats
  3 frilled lizards
  6 gnoll skeletons (Ossuary)
  2 goblin zombies (D:5)
  19 kobolds
  4 kobold skeletons (Ossuary)
  15 orc skeletons (Ossuary)
  9 rats
262 creatures vanquished.

Vanquished Creatures (others)
  A kobold (D:3)
1 creature vanquished.

Grand Total: 263 creatures vanquished

Notes
Turn   | Place    | Note
-------+----------+-------------------------------------------
     0 | D:1      | Descartes the Formicid Fighter began the quest for the Orb.
     0 | D:1      | Reached XP level 1. HP: 18/18 MP: 1/1
    91 | D:1      | Reached XP level 2. HP: 20/24 MP: 2/2
   163 | D:1      | Reached XP level 3. HP: 28/29 MP: 3/3
   604 | D:1      | Reached XP level 4. HP: 34/35 MP: 4/4
  1154 | D:2      | Noticed Robin
  1182 | D:2      | Killed Robin
  1183 | D:2      | Reached skill level 5 in Shields
  1307 | D:2      | Noticed Jessica
  1325 | D:2      | Killed Jessica
  1326 | D:2      | Reached XP level 5. HP: 41/41 MP: 5/5
  1966 | D:2      | Found a runed translucent door.
  1967 | D:2      | Noticed Crazy Yiuf
  1974 | D:2      | Killed Crazy Yiuf
  2111 | D:3      | Found a stormy altar of Qazlal.
  2120 | D:3      | Reached XP level 6. HP: 44/47 MP: 6/6
  2208 | D:3      | Found a radiant altar of Vehumet.
  2549 | D:4      | Noticed Natasha
  2553 | D:4      | Noticed Ijyb
  2558 | D:4      | Killed Natasha
  2564 | D:4      | Killed Ijyb
  2565 | D:4      | Reached skill level 5 in Armour
  2565 | D:4      | Reached skill level 6 in Shields
  2702 | D:4      | Noticed Sigmund
  2708 | D:4      | Killed Sigmund
  2709 | D:4      | Reached XP level 7. HP: 47/52 MP: 7/7
  2926 | D:4      | Noticed Natasha
  2935 | D:4      | Killed Natasha
  2997 | D:4      | Noticed Edmund
  3012 | D:4      | Killed Edmund
  3013 | D:4      | Reached skill level 7 in Shields
  3073 | D:4      | Noticed Natasha
  3082 | D:4      | Killed Natasha
  3172 | D:4      | Found a staircase to the Ecumenical Temple.
  3301 | Temple   | Entered the Ecumenical Temple
  3313 | Temple   | Became a worshipper of Gozag Ym Sagoz the Greedy
  3385 | D:4      | Reached skill level 5 in Axes
  3596 | D:4      | Found a glowing golden altar of the Shining One.
  3596 | D:4      | Found a white marble altar of Elyvilon.
  3714 | D:5      | Entered Level 5 of the Dungeon
  3735 | D:5      | Reached XP level 8. HP: 57/58 MP: 8/8
  3817 | D:5      | Found a sand-covered staircase.
  3824 | Ossuary  | Entered an ossuary
  3824 | Ossuary  | Noticed a wraith
  3824 | Ossuary  | Noticed a wraith
  3824 | Ossuary  | Noticed a wraith
  3977 | Ossuary  | Noticed a wraith
  4037 | Ossuary  | Killed a wraith
  4229 | D:5      | Reached skill level 8 in Shields
  4586 | D:5      | Noticed a yak
  5052 | D:6      | Reached skill level 1 in Evocations
  5138 | D:6      | Noticed Blork the orc
  5143 | D:6      | Killed Blork the orc
  5144 | D:6      | Reached skill level 1 in Maces & Flails
  5144 | D:6      | Reached XP level 9. HP: 63/64 MP: 9/9
  5480 | D:6      | Reached skill level 9 in Shields
  6532 | D:7      | Noticed Pikel
  6557 | D:7      | Killed Pikel
  6558 | D:7      | Reached XP level 10. HP: 61/70 MP: 10/10
  6887 | D:8      | Found Habroent's Lightly-Used Armoury.
  7041 | D:7      | Reached skill level 10 in Shields
  7528 | D:8      | Identified the +2 whip of Kindness {freeze, rElec rN++}
  8015 | D:8      | a water moccasin changed into a glowing shapeshifter
  8015 | D:8      | Noticed a glowing shapeshifter (glowing shapeshifter)
  8015 | D:8      | a glowing shapeshifter changed into a torpor snail
  8015 | D:8      | Noticed a torpor snail (glowing shapeshifter)
  8018 | D:8      | a torpor snail changed into a cyclops
  8018 | D:8      | Noticed a cyclops (glowing shapeshifter)
  8024 | D:8      | a cyclops changed into a floating eye
  8215 | D:8      | Reached skill level 5 in Evocations
  8383 | D:8      | Mangled by a very large slime creature

Illustrated notes

Levels and vault maps discovered:
D:1:      lightli_arrival_quake, layout_basic, palyth_stone_intersect
D:2:      layout_loops_corners, amethyst_killhole, st_stairs_8, uniq_jessica,
          uniq_robin, uniq_crazy_yiuf_cottage
D:3:      layout_rooms, vehumet_altar_wand_db, nicolae_qazlal_scattered_showers,
          moated_statue
D:4:      layout_basic, jmf_multi_god_temple,
          minmay_temple_entry_enclosed_plants, uniq_ijyb, uniq_sigmund,
          uniq_natasha, uniq_edmund
D:5:      layout_basic, serial_rivers, chequers_serial_rivers_small_a,
          chequers_serial_rivers_micro_c, chequers_serial_rivers_small_3,
          chequers_serial_rivers_micro_b, enter_ossuary_4,
          dreamdust_princess_bridge, lightli_corner_chamber
D:6:      layout_basic, minivault_14, uniq_blork_the_orc
D:7:      corexii_shantytown, layout_rooms, uniq_pikel
D:8:      cheibrodos_fertilizer, layout_cave_pods,
          nzn_overflow_gifts_of_might_and_magic, minmay_misc_feat_room,
          minmay_shop_damaged
Temple:   dpeg_three_leaves_temple

Skill      XL: |  1  2  3  4  5  6  7  8  9 10 |
---------------+-------------------------------+-----
Armour         | 4 5 6 7 8 |  8.9
Axes           | 3 4 5 6 7 |  7.8
Shields        | 5 6 7 8 9 10 | 10.5
Evocations     | 1 3 5 |  5.1
Maces & Flails | 1 3 4 |  4.5
Fighting       | |  3.2

Action                     |  1- 3 |  4- 6 |  7- 9 | 10-12 || total
---------------------------+-------+-------+-------+-------++-------
  Melee: War axe           |    74 |   123 |       |       ||   197
         Quarterstaff      |       |    41 |   326 |   171 ||   538
         Whip              |       |       |       |    23 ||    23
Ability: Dig               |       |       |     4 |     2 ||     6
    Use: Scroll            |       |       |     6 |       ||     6
         Potion            |       |       |       |     2 ||     2
   Stab: Distracted        |       |       |     2 |     1 ||     3
         Confused          |       |       |     2 |       ||     2
         Petrifying        |       |       |       |     1 ||     1
 Armour: Scale mail        |    45 |    79 |    25 |       ||   149
         Chain mail        |       |       |   142 |   115 ||   257
  Dodge: Dodged            |    39 |    73 |   115 |    86 ||   313
  Block: Buckler           |    23 |    31 |    95 |    74 ||   223

Table legend: (Time is in decaauts)
 A = Elapsed time spent in this place.
 B = Non-inter-level travel time spent in this place.
 C = Inter-level travel time spent in this place.
 D = Time resting spent in this place.
 E = Time spent auto-exploring this place.
 F = Levels seen in this place.
 G = Mean time per level.
                   A        B        C        D        E       F      G
               +--------+--------+--------+--------+--------+-----+--------+
         Total |   8606 |   8302 |    304 |     44 |   6214 |  10 |  860.6 |
       Dungeon |   8197 |   7904 |    293 |     44 |   5995 |   8 | 1024.6 |
        Temple |     24 |     13 |     11 |      0 |      0 |   1 |   24.0 |
       Ossuary |    384 |    384 |      0 |      0 |    219 |   1 |  384.0 |
               +--------+--------+--------+--------+--------+-----+--------+

Top non-repeatable levels by time:
     D:6: 1377 daAuts
     D:2: 1167 daAuts
     D:4: 1165 daAuts
     D:7: 1139 daAuts
     D:1: 979 daAuts
     D:8: 946 daAuts
     D:5: 935 daAuts
     D:3: 485 daAuts
 Ossuary: 384 daAuts
  Temple: 24 daAuts
